 Dungeon Crawl Stone Soup version 0.29-a0-419-g77450f2 (webtiles) character file.

Game seed: 11064719331785804454

211 Think the Cutter (level 5, 0/36 HPs)
             Began as an Octopode Fighter on May 18, 2022.
             Slain by a black bear (3 damage)
             ... on level 4 of the Dungeon.
             The game lasted 00:08:21 (3422 turns).

Think the Cutter (Octopode Fighter)                 Turns: 3422, Time: 00:08:22

Health: 0/36       AC:  1    Str: 16    XL:     5   Next: 88%
Magic:  5/5        EV: 10    Int: 12    God:
Gold:   162        SH:  4    Dex: 11    Spells: 3/4 levels left

rFire   . . .      SeeInvis .   a - +0 rapier
rCold   . . .      Faith    .   b - +0 buckler
rNeg    . . .      Spirit   .   (helmet restricted)
rPois   .          Reflect  .   (no amulet)
rElec   .          Harm     .   (no ring)
rCorr   .          Rampage  .   (no ring)
Will    .....                   (no ring)
Stlth   ++........              (no ring)
HPRegen 0.12/turn               (no ring)
MPRegen 0.09/turn               (no ring)
                                (no ring)
                                (no ring)

@: hasted, constricted, very quick
A: almost no armour, amphibious, 8 rings, camouflage 1, gelatinous body 1,
(nimble swimmer 1), tentacles
a: no special abilities


You were on level 4 of the Dungeon.
You visited 1 branch of the dungeon, and saw 5 of its levels.

You collected 162 gold pieces.

Inventory:

Hand Weapons
 a - a +0 rapier (weapon)
Missiles
 q - 3 silver javelins (quivered)
Armour
 b - a +0 buckler (worn)
Scrolls
 d - a scroll of fog {unknown}
 e - a scroll of enchant armour {unknown}
 k - a scroll of magic mapping
 m - a scroll of teleportation {unknown}
 n - a scroll of identify {unknown}
Potions
 c - a potion of attraction {unknown}
 f - a potion of curing {unknown}
 g - a potion of heal wounds {unknown}
 j - a potion of invisibility {unknown}
 l - a potion of flight {unknown}
 o - a potion of degeneration {unknown}
 r - a potion of ambrosia {unknown}
 s - a potion of cancellation


   Skills:
 - Level 3.0 Fighting
 * Level 5.3 Short Blades
 - Level 1.0 Throwing
 - Level 3.0 Dodging
 - Level 3.0 Shields
 - Level 2.0 Hexes


You had 3 spell levels left.
You knew the following spells:

 Your Spells              Type           Power      Damage    Failure   Level
a - Slow                  Hex            16%        N/A       19%         1

Your spell library contained the following spells:

 Spells                   Type           Power      Damage    Failure   Level
 Confusing Touch          Hex            4%         N/A       50%         3
 Vampiric Draining        Necr           0%         2d6       78%         3


Dungeon Overview and Level Annotations

Branches:
Dungeon (5/15)
 Temple: D:4-7

Altars:


Innate Abilities, Weirdness & Mutations

You cannot wear most types of armour.
You are amphibious.
You can wear up to eight rings at the same time.
Your skin changes colour to match your surroundings (Stealth+).
Your rubbery body absorbs attacks. (AC +1, EV +1)
((You are camouflaged when in or above water. (Stealth+)))
You have tentacles for arms and can constrict up to eight enemies at once.


Message History

You hit the black bear. Your grab misses the black bear.
You squeeze the black bear.
The black bear is lightly wounded.
You hear a shout!
The black bear bites you. The black bear misses you. The black bear claws you.
An orc comes into view.
It is wielding a +2 war axe of distortion.
The ball python closely misses you. x2
You hear an angry hiss.
Really read the scroll of poison?
The air fills with toxic fumes!
As you read the scroll of poison, it crumbles to dust.
You hear a bark!
You block the ball python's attack. The ball python grabs you.
The ball python constricts you. The black bear bites you.
The black bear claws you. x2
Really wriggle into that cloud of poison gas?
Okay, then.
You feel yourself speed up. The ball python bites you.
The ball python constricts you.
The orc is engulfed in poison gas.
The orc is poisoned.
The black bear completely misses you. You block the black bear's attack.
The black bear claws you.
* * * LOW HITPOINT WARNING * * *
You barely miss the black bear. Your grab misses the black bear.
The black bear is lightly wounded.
The ball python bites you but does no damage.
The ball python constricts you.
* * * LOW HITPOINT WARNING * * *
The black bear bites you but does no damage.
You block the black bear's attack. The black bear claws you.
* * * LOW HITPOINT WARNING * * *
The orc is engulfed in poison gas.
The orc looks even sicker.
You kill the orc!
You hit the black bear. Your grab misses the black bear.
The black bear is moderately wounded.
The ball python closely misses you. The ball python constricts you.
You hit the black bear. Your grab misses the black bear.
Your squeeze misses the black bear.
The black bear is moderately wounded.
The black bear bites you.
You die...

# ....# ##. #.§§§
... #.#§# .. #.#§#
..#.#.#.#§#
.......<§§#
..#.#..##§#######.
..... #§S§§§§§§.
##.##. #@#######.
# #. #h# .. §§§
#.##§## #. #§# #§#
#§# #.#


You could see a black bear and a ball python.

Vanquished Creatures
  A jelly (D:5)
  2 orc priests
  4 adders
  A worm (D:2)
  A dart slug (D:1)
  10 orcs
  6 ball pythons
  6 endoplasms
  5 giant cockroaches
  5 goblins
  4 hobgoblins
  7 jackals
  2 kobolds (D:1)
  2 quokkas (D:1)
  4 bats
  4 frilled lizards
  5 rats
69 creatures vanquished.

Notes
Turn   | Place    | Note
-------+----------+-------------------------------------------
     0 | D:1      | Think the Octopode Fighter began the quest for the Orb.
     0 | D:1      | Reached XP level 1. HP: 16/16 MP: 1/1
    66 | D:1      | Reached XP level 2. HP: 16/21 MP: 2/2
   200 | D:1      | Reached skill level 3 in Short Blades
   509 | D:1      | Reached XP level 3. HP: 22/26 MP: 3/3
  1237 | D:2      | Learned a level 1 spell: Slow
  1462 | D:1      | Reached skill level 4 in Short Blades
  1540 | D:1      | Reached XP level 4. HP: 5/31 MP: 4/4
  1839 | D:2      | Reached skill level 1 in Hexes
  2621 | D:3      | Reached XP level 5. HP: 36/36 MP: 5/5
  3110 | D:4      | Reached skill level 5 in Short Blades
  3115 | D:5      | Entered Level 5 of the Dungeon
  3117 | D:5      | Reached skill level 1 in Throwing
  3416 | D:4      | Noticed a black bear
  3422 | D:4      | Slain by a black bear

Illustrated notes

Levels and vault maps discovered:
D:1:      minmay_arrival_nine_rooms, layout_loops_ring, dk_noncrumbling_2,
          palyth_stone_intersect
D:2:      layout_loops_ring, nicolae_elevator_lobby_asterisk
D:3:      layout_basic, lightli_sewer_entry_pipes, minmay_misc_feat_pillars
D:4:      layout_loops_ring, uniq_menkaure, uniq_blork_the_orc
D:5:      layout_loops_corners, hangedman_decor_clover_reticule,
          kennysheep_flooded_box, kennysheep_donut

Skill      XL: |  1  2  3  4  5 |
---------------+----------------+-----
Short Blades   | 3 4 5 |  5.3
Hexes          | 1 2 |  2.0
Throwing       | 1 |  1.0
Fighting       | |  3.0
Dodging        | |  3.0
Shields        | |  3.0

Action                   |  1- 3 |  4- 6 || total
-------------------------+-------+-------++-------
Melee: Rapier            |    67 |    64 ||   131
       Constrict         |    19 |    17 ||    36
       Tentacles         |    10 |    10 ||    20
Throw: Javelin           |       |     1 ||     1
  Use: Potion            |     2 |     4 ||     6
       Scroll            |       |     3 ||     3
 Stab: Sleeping          |     2 |     8 ||    10
       Distracted        |       |     1 ||     1
Armor: Skin              |     6 |     4 ||    10
Dodge: Dodged            |    37 |    55 ||    92
Block: Buckler           |    10 |    21 ||    31

Table legend: (Time is in decaauts)
 A = Elapsed time spent in this place.
 B = Non-inter-level travel time spent in this place.
 C = Inter-level travel time spent in this place.
 D = Time resting spent in this place.
 E = Time spent auto-exploring this place.
 F = Levels seen in this place.
 G = Mean time per level.
                   A        B        C        D        E       F      G
               +--------+--------+--------+--------+--------+-----+--------+
         Total |   3419 |   3260 |    159 |    978 |   1601 |   5 |  683.8 |
       Dungeon |   3419 |   3260 |    159 |    978 |   1601 |   5 |  683.8 |
               +--------+--------+--------+--------+--------+-----+--------+

Top non-repeatable levels by time:
     D:1: 1570 daAuts
     D:2: 1046 daAuts
     D:3: 494 daAuts
     D:5: 285 daAuts
     D:4: 21 daAuts
